 Dungeon Crawl Stone Soup version 0.31.0-12-g77e489cdc1 (webtiles) character file.

Game seed: 9855440365808693126

36 spaghetti the Slasher (level 3, 29/29 HPs)
             Began as a Formicid Chaos Knight on Feb 16, 2024.
             Was a Plaything of Xom.
             Quit the game on level 1 of the Dungeon.
             The game lasted 00:00:42 (972 turns).

spaghetti the Slasher (Formicid Chaos Knight)        Turns: 972, Time: 00:00:43

Health: 29/29      AC:  5    Str: 16    XL:     3   Next: 57%
Magic:  3/3        EV: 11    Int: 11    God:    Xom [..*...]
Gold:   56         SH:  0    Dex: 15    Spells: 2/2 levels left

rFire   . . .        a - +0 falchion (chaos)
rCold   . . .        (no shield)
rNeg    . . .        b - +2 leather armour
rPois   .            (helmet unavailable)
rElec   .            (no cloak)
rCorr   .            (no gloves)
SInv    +            (no boots)
Will    .....        (no amulet)
Stlth   +            (no ring)
HPRegen 0.24/turn    (no ring)
MPRegen 0.08/turn

%: no passive effects
@: no status effects
A: permanent stasis, dig shafts and tunnels, antennae 3, four strong arms
a: Dig, Shaft Self, Renounce Religion


You were on level 1 of the Dungeon.
You worshipped Xom.
You were a toy of Xom.
You visited 1 branch of the dungeon, and saw 1 of its levels.

You collected 56 gold pieces.

Inventory:

Hand Weapons
 a - a +0 falchion of chaos (weapon)
Armour
 b - a +2 leather armour (worn)
Scrolls
 c - a scroll of butterflies
 d - 2 scrolls of identify {unknown}
 f - a scroll of fog {unknown}
 g - a scroll of teleportation {unknown}
 i - a scroll of revelation {unknown}
Potions
 e - a potion of attraction {unknown}
 h - 2 potions of invisibility {unknown}


   Skills:
 - Level 3.2 Fighting
 + Level 4.3 Long Blades
 + Level 2.2 Armour
 + Level 0.9 Dodging


You had 2 spell levels left.
You didn't know any spells.
Your spell library was empty.

Dungeon Overview and Level Annotations

Branches:
Dungeon (1/15)

Altars:


Innate Abilities, Weirdness & Mutations

You cannot be hasted, slowed, berserked, paralysed or teleported.
You can dig through walls and to a lower floor.
You have a pair of large antennae on your head. (SInv)
Your four strong arms can wield two-handed weapons with a shield.


Message History

A ball python comes into view.
The ball python hisses angrily.
You hit the ball python. You burn the ball python.
The ball python is severely wounded.
The ball python bites you but does no damage.
The ball python grabs you. The ball python constricts you.
You closely miss the ball python.
The ball python is severely wounded.
The ball python barely misses you. The ball python constricts you.
You hit the ball python. You burn the ball python.
You kill the ball python!
No target in view!
You see here a ball python corpse.
There is an open door here.
A ball python comes into view.
The ball python hisses angrily.
A ball python is nearby!
A ball python is nearby!
You slash the ball python!
You kill the ball python!
No target in view!
No target in view!
No target in view!
No target in view!
No target in view!
No target in view!
No target in view!
No target in view!
No target in view!
d - 2 scrolls labelled NOUMOC TADELY (gained 1)
You open the door.
Found a club.
You now have 56 gold pieces (gained 17).
Done exploring.
Done exploring.
No target in view!
Done exploring.
Done exploring.
Done exploring.
Are you sure you want to abandon this character and quit the game? (Confirm with "yes".)

.########.........#.#.#####.#+##
.#......#.#....##.#.#.#.....#.#
.#.####.#.#.##......#.#.#####.#
.#.# #.#.#.....#.###.........#
.#.# #.#.###...#.# ###.#....##
.#.####.#.####.##.# #.#....#
.#..............#.# #.'....#
..###############.#######....####
..')............@................
..###############.#######....(.##
............#####.#######......##
...............................'.
#.#########.#.###.##########...##
#.# #.#.# #.#.......##...# #.#
#.#.###.#.#####.##...# ..#
#.#.......# #.##...# #.#
#.........#####.#######


There were no monsters in sight!

Vanquished Creatures
  A gnoll (D:1)
  4 ball pythons (D:1)
  An endoplasm (D:1)
  4 giant cockroaches (D:1)
  2 goblins (D:1)
  5 hobgoblins (D:1)
  A quokka (D:1)
  2 bats (D:1)
  3 frilled lizards (D:1)
  2 kobolds (D:1)
25 creatures vanquished.

Notes
Turn   | Place    | Note
-------+----------+-------------------------------------------
     0 | D:1      | spaghetti the Formicid Chaos Knight began the quest for the
                  | Orb.
     0 | D:1      | Reached XP level 1. HP: 18/18 MP: 1/1
    22 | D:1      | Reached XP level 2. HP: 24/24 MP: 2/2
   133 | D:1      | Reached skill level 4 in Long Blades
   133 | D:1      | Reached XP level 3. HP: 28/29 MP: 3/3
   360 | D:1      | XOM: scenery: summon butterflies
   665 | D:1      | XOM: divination: detect creatures
   972 | D:1      | Quit the game

Illustrated notes

Levels and vault maps discovered:
D:1:      erik_arrival_cave_to_civilisation [erik_arrival_cave_to_hall],
          layout_basic, minmay_worlds_worst_comb

Skill      XL: |  1  2 |
---------------+-------+-----
Long Blades    | 4 |  4.3
Fighting       | |  3.2
Armour         | |  2.2
Dodging        | |  0.9

Action                     || total
---------------------------++-------
  Melee: Falchion          ||    79
 Armour: Leather armour    ||    49
  Dodge: Dodged            ||    53
